[Event "Late-Titled-Tuesday-Blitz-February-27-2024"]
[Site "Chess.com"]
[Date "2024.02.27"]
[Round "4"]
[White "dropstoneDP"]
[Black "GoltsevDmitry2000"]
[Result "1/2-1/2"]
[WhiteElo "2985"]
[BlackElo "2770"]
[TimeControl "180+1"]
[EndTime "14:39:28 PST"]
[Termination "Game drawn by repetition"]

1. e4 e6 2. d4 d5 3. Nc3 c5 4. exd5 exd5 5. Nf3 Nf6 6. Bb5+ Nc6 7. O-O Be7 8. dxc5 Bxc5 9. Bg5 O-O 10. Bxf6 Qxf6 11.
Nxd5 Qxb2 12. Rb1 Qxa2 13. Bxc6 bxc6 14. Nc7 Bf5 15. Ra1 Qc4 16. Nxa8 Rxa8 17. Qd2 Bb6 18.
c3 Rd8 19. Qg5 Bg6 20. Rad1 Rxd1 21. Rxd1 h6 22. Qd2 Bh5 23. Re1 Bxf3 24. gxf3 Qc5 25. Re8+ Kh7 26. Qe3 Qh5 27. Qe4+ f5 28. Qe6 Qg5+ 29.
Kf1 Qc1+ 30. Kg2 Qg5+ 31. Kf1 Qc1+ 32. Kg2 Qg5+ 33. Kf1 1/2-1/2

[Event "Late-Titled-Tuesday-Blitz-February-27-2024"]
[Site "Chess.com"]
[Date "2024.02.27"]
[Round "4"]
[White "Vse_po_kaify"]
[Black "IM_Tissir"]
[Result "0-1"]
[WhiteElo "2245"]
[BlackElo "2494"]
[TimeControl "180+1"]
[EndTime "14:39:29 PST"]
[Termination "IM_Tissir won by resignation"]

1. e4 c5 2. Nf3 d6 3. d4 cxd4 4. Nxd4 Nf6 5. Nc3 a6 6. h3 h5 7. Bg5 Nbd7 8. Bc4 e6 9. Qe2 b5 10. Bb3 Qb6 11. O-O-O Nc5 12. f4 Bb7 13. e5 dxe5 14.
fxe5 Nfe4 15. Nxe4 Nxe4 16. Be3 Bc5 17. Rhe1 O-O-O 18. c3 Rd7 19. Bg1 g6 20. a3 Rhd8 21.
Bc2 Ng3 22. Qf2 h4 23. Qf4 Nf5 24. Nxf5 gxf5 25. Rxd7 Rxd7 26. Bxc5 Qxc5 27. Qxh4 Bxg2 28. Qf4 Bxh3 29. Rh1 Bg4 30. Rh8+ Kc7 31. Rh7 Qg1+ 0-1

[Event "Late-Titled-Tuesday-Blitz-February-27-2024"]
[Site "Chess.com"]
[Date "2024.02.27"]
[Round "4"]
[White "rasmussvane"]
[Black "gahryman"]
[Result "1-0"]
[WhiteElo "2940"]
[BlackElo "2695"]
[TimeControl "180+1"]
[EndTime "14:39:30 PST"]
[Termination "rasmussvane won on time"]

1. Nf3 Nf6 2. g3 d5 3. Bg2 c6 4. O-O Bg4 5. h3 Bxf3 6. Bxf3 e5 7. d3 Bc5 8. e4 dxe4 9. dxe4 Qe7 10. Nd2 Nbd7 11.
Nb3 Bb6 12. Kg2 Nf8 13. a4 a5 14. Qe2 h5 15. h4 Ne6 16. Rd1 g6 17. c3 O-O 18. Nd2 Rfd8 19. Nc4 Rxd1 20. Qxd1 Bc7 21. Be3 Rd8 22. Qb3 Nc5 23. Bxc5 Qxc5 24. Qxb7 Bb8 25.
Qb6 Qxb6 26. Nxb6 Ng4 27. Nc4 Ba7 28. Bxg4 hxg4 29. Kf1 f6 30. Ke2 Rb8 31. Rd1 Bc5 32. Rd7 f5 33. Rc7 f4 34. Rxc6 f3+ 35. Ke1 Ba3 36.
bxa3 Rb1+ 37. Kd2 Rf1 38. Rxg6+ Kh7 39. Rxg4 Rxf2+ 40. Ke3 1-0

[Event "Late-Titled-Tuesday-Blitz-February-27-2024"]
[Site "Chess.com"]
[Date "2024.02.27"]
[Round "4"]
[White "GothamChess"]
[Black "michaelk123"]
[Result "1-0"]
[WhiteElo "2681"]
[BlackElo "2491"]
[TimeControl "180+1"]
[EndTime "14:39:31 PST"]
[Termination "GothamChess won by resignation"]

1. e4 c5 2. a3 Nc6 3. b4 cxb4 4. axb4 Nxb4 5. c3 Nc6 6. d4 d5 7.
exd5 Qxd5 8. Na3 e5 9. Nb5 Qd8 10. d5 Na5 11. d6 Be6 12. Nc7+ Kd7 13. Bb5+ Nc6 14. Nxa8 Qxa8 15. Nf3 f6 16. O-O Bxd6 17. Ba3 Qb8 18. Bxc6+ Kxc6 19. Qa4+ b5 20. Bxd6 Kxd6 21. Qb4+ Kd7 22. Rfd1+ Ke8 23. Qc5 Ne7 24. Rxa7 Nd5 25. Qc6+ Kf8 26. Ra8 Kf7 27. Rxb8 Rxb8 28. Rxd5 1-0

[Event "Late-Titled-Tuesday-Blitz-February-27-2024"]
[Site "Chess.com"]
[Date "2024.02.27"]
[Round "4"]
[White "emeli_chess"]
[Black "morte-negra"]
[Result "1-0"]
[WhiteElo "2439"]
[BlackElo "2035"]
[TimeControl "180+1"]
[EndTime "14:39:32 PST"]
[Termination "emeli_chess won on time"]

1. d4 Nf6 2. c4 g6 3. Nc3 Bg7 4. e4 d6 5. f3 O-O 6. Be3 c5 7. Nge2 Nbd7 8. Qd2 Re8 9. O-O-O a6 10. dxc5 Ne5 11. Nf4 g5 12. Nfd5 Nxd5 13. cxd5 dxc5 14. Bxc5 b5 15. Bd4 h6 16. h4 e6 17. hxg5 hxg5 18.
d6 Qxd6 19. Qxg5 b4 20. Na4 Qc6+ 21. Nc5 f6 22. Qh5 Bb7 23. Kb1 Rac8 24. Be2 Nf7 25. Rc1 e5 26. Be3 Qd6 27. Qh7+ Kf8 28. Rhd1 1-0

[Event "Late-Titled-Tuesday-Blitz-February-27-2024"]
[Site "Chess.com"]
[Date "2024.02.27"]
[Round "4"]
[White "Djager97"]
[Black "Viktor_Poddubnyi"]
[Result "1-0"]
[WhiteElo "2629"]
[BlackElo "2275"]
[TimeControl "180+1"]
[EndTime "14:39:36 PST"]
[Termination "Djager97 won by resignation"]

1. e4 g6 2. d4 Bg7 3. Nc3 d6 4. Nf3 Nf6 5. Be3 c6 6. Qd2 Nbd7 7. Bh6 Bxh6 8. Qxh6 e5 9. O-O-O Qe7 10. h3 b5 11. Bd3 Bb7 12. Kb1 O-O-O 13. d5 cxd5 14. exd5 a6 15. Rhe1 Nc5 16. Qd2 Qc7 17. a3 Nfd7 18.
Ng5 Nxd3 19. Qxd3 Nc5 20. Qe3 h6 21. Nge4 Nxe4 22. Nxe4 f5 23. Rd3 Kb8 24. Rc3 Qe7 25. Nd2 Rc8 26. Rxc8+ Rxc8 27. Qxh6 Bxd5 28. Qxg6 Qc7 29.
Rc1 f4 30. h4 Rg8 31. Qd3 Rxg2 32. Qxd5 1-0

[Event "Late-Titled-Tuesday-Blitz-February-27-2024"]
[Site "Chess.com"]
[Date "2024.02.27"]
[Round "4"]
[White "BardArtem"]
[Black "EvilMorty23"]
[Result "0-1"]
[WhiteElo "2726"]
[BlackElo "2563"]
[TimeControl "180+1"]
[EndTime "14:39:38 PST"]
[Termination "EvilMorty23 won on time"]

1. d4 Nf6 2. c4 e6 3. Bf4 d5 4.
Nc3 Be7 5. e3 a6 6. Nf3 O-O 7.
cxd5 Nxd5 8. Nxd5 exd5 9. Rc1 Bg4 10. Bd3 Bb4+ 11. Kf1 c6 12. Qb3 Bxf3 13. Qxb4 Be4 14. Bxe4 dxe4 15. Qxb7 Nd7 16. Rxc6 Nf6 17. g3 Qa5 18.
Kg2 Qxa2 19. Rhc1 Qd5 20. Qxa8 Rxa8 21. Rc8+ Ne8 22. R8c5 Qe6 23. d5 Qg4 24. d6 Rd8 25. Rc6 g5 26. Be5 f6 27. Bd4 Rxd6 28. Rc8 Kf7 29.
Ra8 Ng7 30. Kg1 Rd7 31. Rxa6 Ne6 32. Rcc6 Nxd4 33. Rxf6+ Kg7 34. exd4 Rxd4 35. Kg2 e3 36. Rf3 Qe4 37. Ra7+ Kg8 38. Rb7 Qxb7 0-1

[Event "Late-Titled-Tuesday-Blitz-February-27-2024"]
[Site "Chess.com"]
[Date "2024.02.27"]
[Round "4"]
[White "toninhojit"]
[Black "rikchessmx"]
[Result "0-1"]
[WhiteElo "2468"]
[BlackElo "2239"]
[TimeControl "180+1"]
[EndTime "14:39:38 PST"]
[Termination "rikchessmx won by resignation"]

1. d4 Nf6 2. c4 g6 3. Nc3 d5 4. cxd5 Nxd5 5. e4 Nxc3 6. bxc3 Bg7 7. Nf3 O-O 8. Be2 c5 9. O-O Qc7 10. Be3 Rd8 11. Qd2 Nc6 12. Rac1 e6 13. Rfd1 b6 14.
Bg5 f6 15. Bf4 e5 16. Bg3 Bb7 17. Bc4+ Kh8 18. Bd5 Qe7 19. Bxc6 Bxc6 20. d5 Ba4 21. Re1 c4 22. h4 h5 23. Nh2 Kh7 24. f4 exf4 25. Bxf4 Rac8 26. Nf3 Qc5+ 27. Be3 Qd6 28. Nd4 Bd7 29. Bf4 Qc5 30. Kh1 Re8 31. Qf2 a6 32. Qg3 b5 33. Bd6 Qb6 34. e5 fxe5 35. Bxe5 Bxe5 36.
Rxe5 Rxe5 37. Qxe5 Re8 38. Qg3 Qf6 39. Kg1 Qe5 40.
Qf3 Kg7 41. Rf1 Qe3+ 42. Qxe3 Rxe3 43. Rf3 Rxf3 44. gxf3 Kf6 45. f4 a5 46. Kf2 b4 47.
Ke3 Ke7 48. Nc2 b3 49. axb3 cxb3 50. Na3 Kd6 51. Kd4 b2 52. c4 Bf5 53. c5+ Kd7 54. Ke5 b1=Q 55. Nxb1 Bxb1 56. c6+ Kc7 57. Kd4 Kd6 0-1

[Event "Late-Titled-Tuesday-Blitz-February-27-2024"]
[Site "Chess.com"]
[Date "2024.02.27"]
[Round "4"]
[White "DryCounty"]
[Black "ventdelest"]
[Result "1-0"]
[WhiteElo "2659"]
[BlackElo "2070"]
[TimeControl "180+1"]
[EndTime "14:39:39 PST"]
[Termination "DryCounty won on time"]

1. e4 c5 2. Nf3 Nc6 3. d4 cxd4 4. Nxd4 Nf6 5. Nc3 e5 6. Ndb5 d6 7. Bg5 a6 8. Na3 b5 9. Nd5 Be7 10. Nxe7 Nxe7 11. Bd3 Bb7 12. Qe2 d5 13. exd5 Qxd5 14. O-O-O Qxa2 15. Qxe5 Qe6 16. Rhe1 Qxe5 17. Rxe5 Kf8 18.
Rde1 Ng6 19. Rc5 Rc8 20. Rxc8+ Bxc8 21. c4 b4 22. Nc2 a5 23. Be3 Be6 24. Bb6 b3 25.
Nd4 a4 26. Bc5+ Kg8 27. Ba3 Bd7 28. c5 Nf4 29. Bf1 Ne6 30. Nxe6 Bxe6 31. Bb5 h5 32.
Bxa4 Kh7 33. c6 Ng4 34. f3 Nf6 35. Bd6 Rc8 36. c7 Nd5 37. Re5 Nxc7 38. Rxh5+ Kg6 39. Rc5 Na6 40. Rxc8 Bxc8 41. Bxb3 Kf6 42. Kd2 Be6 43.
Bc2 1-0

[Event "Late-Titled-Tuesday-Blitz-February-27-2024"]
[Site "Chess.com"]
[Date "2024.02.27"]
[Round "4"]
[White "FairChess_on_YouTube"]
[Black "TigrVShlyape"]
[Result "1/2-1/2"]
[WhiteElo "3108"]
[BlackElo "2912"]
[TimeControl "180+1"]
[EndTime "14:39:40 PST"]
[Termination "Game drawn by repetition"]

1. c4 f5 2. Nc3 Nf6 3. d4 e6 4. g3 Bb4 5. Bg2 O-O 6. Qb3 a5 7.
a3 Bxc3+ 8. Qxc3 a4 9. Nh3 d6 10. O-O Qe7 11. Bg5 h6 12. Bxf6 Qxf6 13. Nf4 Nc6 14.
Rad1 g5 15. Nxe6 Bxe6 16. d5 Qxc3 17. bxc3 Bd7 18. dxc6 Bxc6 19. Bxc6 bxc6 20. c5 dxc5 21. Rd7 Rf7 22. Rfd1 Re8 23. Rxf7 Kxf7 24. Rd7+ Ke6 25.
Rxc7 Kd6 26. Ra7 Rxe2 27. Rxa4 Kd5 28. Ra8 Kc4 29. Rc8 Re6 30. a4 Kxc3 31. a5 Re1+ 32. Kg2 Ra1 33. Rxc6 Rxa5 34. Rxh6 g4 35. h4 gxh3+ 36.
Kxh3 c4 37. g4 fxg4+ 38. Kxg4 Rc5 39. f4 Kd4 40. Rd6+ Ke4 41. Re6+ Kd4 42. Rd6+ Ke4 43.
Re6+ Kd4 44. Rd6+ 1/2-1/2

[Event "Late-Titled-Tuesday-Blitz-February-27-2024"]
[Site "Chess.com"]
[Date "2024.02.27"]
[Round "4"]
[White "Baronessa08"]
[Black "chess94cu"]
[Result "0-1"]
[WhiteElo "2527"]
[BlackElo "2703"]
[TimeControl "180+1"]
[EndTime "14:39:40 PST"]
[Termination "chess94cu won by resignation"]

1. c4 Nf6 2. Nc3 e5 3. g3 d5 4. cxd5 Nxd5 5. Bg2 Nb6 6. Nf3 Nc6 7. O-O Be7 8. a3 O-O 9. b4 Re8 10. d3 Bf8 11.
Be3 a5 12. b5 Nd4 13. a4 h6 14.
Nd2 Bb4 15. Na2 Bg4 16. f3 Bxd2 17. Bxd2 Be6 18. Nc1 c6 19. bxc6 Nxc6 20. Kh1 Nd5 21. Nb3 Ndb4 22. Nc5 Bc8 23. f4 Qe7 24. Rc1 exf4 25.
Rxf4 Qxe2 26. Qb3 Be6 27. Nxe6 Rxe6 28. Bxb4 Nxb4 29. Rcf1 Rf8 30. d4 Re3 31. Qc4 Qxc4 0-1

[Event "Late-Titled-Tuesday-Blitz-February-27-2024"]
[Site "Chess.com"]
[Date "2024.02.27"]
[Round "4"]
[White "EcosseKillie"]
[Black "GiorgianBarbosa"]
[Result "1-0"]
[WhiteElo "2280"]
[BlackElo "2524"]
[TimeControl "180+1"]
[EndTime "14:39:41 PST"]
[Termination "EcosseKillie won by checkmate"]

1. d4 Nf6 2. Bg5 g6 3. Bxf6 exf6 4. e3 Bg7 5. g3 O-O 6. Bg2 d6 7. Ne2 h5 8. O-O h4 9. c4 Bg4 10. Nbc3 c6 11. b4 Qd7 12. b5 Bh3 13. bxc6 Nxc6 14. Nd5 Bxg2 15. Kxg2 Rae8 16. Rb1 Ne7 17. Nef4 g5 18.
Nxe7+ Rxe7 19. Nd5 h3+ 20. Kg1 Ree8 21. Qf3 f5 22. Rxb7 Qa4 23. Ne7+ Rxe7 24. Rxe7 Qxc4 25. Qxf5 Qxa2 26. Qxh3 Rb8 27. Qf5 Kf8 28. Rc7 a5 29.
Kg2 a4 30. Ra1 Qb3 31. Rxa4 Kg8 32. Raa7 Rf8 33. Rab7 Qa2 34. Rc8 Rxc8 35. Qxc8+ Kh7 36. Qf5+ Kh6 37. Qxf7 Qxf7 38. Rxf7 Kg6 39. Rxg7+ Kxg7 40. Kf3 Kf6 41. Ke4 Ke6 42. h4 d5+ 43. Kf3 gxh4 44.
gxh4 Kf5 45. h5 Kg5 46. h6 Kxh6 47. Kf4 Kg6 48. Ke5 Kf7 49. Kxd5 Kf6 50. f4 Kf5 51. Kc6 Ke4 52. d5 Kxe3 53. f5 Kf4 54. f6 Ke5 55.
f7 Kf6 56. f8=Q+ Kg6 57. d6 Kh7 58. Qf3 Kg8 59. d7 Kh7 60. Qg3 Kh6 61. Kd6 Kh7 62.
Ke6 Kh6 63. Kf6 Kh5 64. Qg5# 1-0

[Event "Late-Titled-Tuesday-Blitz-February-27-2024"]
[Site "Chess.com"]
[Date "2024.02.27"]
[Round "4"]
[White "miraitrunks"]
[Black "Walter_White_Poland"]
[Result "1-0"]
[WhiteElo "2222"]
[BlackElo "2397"]
[TimeControl "180+1"]
[EndTime "14:39:42 PST"]
[Termination "miraitrunks won by resignation"]

1. e4 e5 2. Nf3 Nc6 3. Bb5 a6 4. Ba4 Nge7 5. O-O g6 6. c3 Bg7 7. d4 exd4 8. cxd4 b5 9. Bb3 d6 10. Nc3 O-O 11. h3 Na5 12. Bc2 c5 13. a4 Bb7 14. axb5 axb5 15. dxc5 dxc5 16. Qxd8 Rfxd8 17. Nxb5 Nc4 18. Rxa8 Bxa8 19. b3 Ne5 20. Nxe5 Bxe5 21. Bg5 f6 22. Be3 Bd4 23. Rd1 Nc6 24. Bf4 Kg7 25.
Kf1 Ne5 26. Bxe5 fxe5 27. Ke2 Bc6 28. Bd3 Ra8 29. f3 Ra2+ 30. Rd2 Ra1 31. Nxd4 cxd4 32. Bc4 Rc1 33. Ra2 Rc3 34. h4 Kh6 35. g4 Re3+ 36. Kf2 Rc3 37. Ra7 Rc1 38. Bg8 g5 39.
h5 Rc2+ 40. Kg3 1-0

[Event "Late-Titled-Tuesday-Blitz-February-27-2024"]
[Site "Chess.com"]
[Date "2024.02.27"]
[Round "4"]
[White "fandebobbyfischer"]
[Black "Englishman_18"]
[Result "1-0"]
[WhiteElo "2705"]
[BlackElo "2397"]
[TimeControl "180+1"]
[EndTime "14:39:46 PST"]
[Termination "fandebobbyfischer won by checkmate"]

1. e4 c5 2. Nf3 d6 3. d4 cxd4 4. Nxd4 Nf6 5. Nc3 a6 6. Bg5 Nbd7 7. Qe2 h6 8. Bh4 g6 9. O-O-O e5 10. f4 exd4 11.
e5 dxc3 12. exd6+ Be7 13. Re1 cxb2+ 14. Kb1 g5 15. fxg5 Nd5 16. Qd3 Qa5 17. dxe7 hxg5 18. Bg3 Nc3+ 19. Kxb2 Nxa2 20. Re5 Qb4+ 21. Kxa2 Nc5 22.
Qd8# 1-0

[Event "Late-Titled-Tuesday-Blitz-February-27-2024"]
[Site "Chess.com"]
[Date "2024.02.27"]
[Round "4"]
[White "Alex_Sahakyan2006"]
[Black "tteshan"]
[Result "1-0"]
[WhiteElo "2811"]
[BlackElo "2591"]
[TimeControl "180+1"]
[EndTime "14:39:49 PST"]
[Termination "Alex_Sahakyan2006 won by resignation"]

1. e4 c5 2. Nc3 Nc6 3. Bb5 Nd4 4.
Nf3 a6 5. Bd3 Nc6 6. O-O e6 7.
Nd5 g6 8. Ne3 Bg7 9. c3 Nge7 10.
Bc2 d5 11. exd5 Nxd5 12. d4 cxd4 13. cxd4 O-O 14. Bb3 Nce7 15. Ng4 h5 16. Nh6+ Kh8 17. Ne5 Bxe5 18. dxe5 Kg7 19. Bg5 Qc7 20. Re1 Bd7 21. g4 h4 22. Qf3 Bc6 23. Qh3 Rh8 24. Qxh4 Ng8 25. Bxd5 Bxd5 26. Bf6+ Nxf6 27. Qxf6+ Kxh6 28. Re3 1-0

[Event "Late-Titled-Tuesday-Blitz-February-27-2024"]
[Site "Chess.com"]
[Date "2024.02.27"]
[Round "4"]
[White "Nick12772"]
[Black "Caracal3000"]
[Result "0-1"]
[WhiteElo "2388"]
[BlackElo "2530"]
[TimeControl "180+1"]
[EndTime "14:39:50 PST"]
[Termination "Caracal3000 won on time"]

1. Nf3 d5 2. g3 e6 3. Bg2 Nf6 4. O-O Be7 5. d3 O-O 6. Nbd2 c5 7. b3 Nc6 8. Bb2 b5 9. a4 b4 10. e4 Bb7 11. Re1 Re8 12. Qe2 Bf8 13. Rad1 h6 14. h4 Qc7 15. Nh2 Nh7 16. exd5 exd5 17. Qxe8 Rxe8 18.
Rxe8 Nd4 19. Bxd4 cxd4 20. Rde1 Qxc2 21. Ndf3 Qxb3 22. Nxd4 Qxd3 23. Rb8 Qxd4 24. Rxb7 Bc5 25. Re2 b3 26. Nf3 Qa1+ 27. Re1 b2 28. Bf1 a5 29. Bd3 Bb4 30. Rb1 Qa3 31. Ne5 Qc3 32. Rb8+ Nf8 33. f4 f6 34. Ng6 Qxd3 0-1

[Event "Late-Titled-Tuesday-Blitz-February-27-2024"]
[Site "Chess.com"]
[Date "2024.02.27"]
[Round "4"]
[White "TheMagician"]
[Black "CheckBits"]
[Result "0-1"]
[WhiteElo "2129"]
[BlackElo "2366"]
[TimeControl "180+1"]
[EndTime "14:39:50 PST"]
[Termination "CheckBits won on time"]

1. d4 d5 2. c4 dxc4 3. e3 e6 4.
Bxc4 a6 5. d5 e5 6. e4 Bd6 7. Qe2 Ne7 8. Nd2 f5 9. exf5 Bxf5 10.
Ngf3 Nd7 11. h3 Ng6 12. Ne4 O-O 13. Bg5 Qe8 14. O-O h6 15. Bd2 Nf4 16. Bxf4 exf4 17. Rfe1 Qh5 18. Nxd6 cxd6 19. Nd4 Qxe2 20. Rxe2 Ne5 21.
Nxf5 Rxf5 22. Bb3 f3 23. Re3 fxg2 24. Kxg2 Raf8 25. Rf1 Rg5+ 26. Rg3 Rgf5 27. Re3 g5 0-1

[Event "Late-Titled-Tuesday-Blitz-February-27-2024"]
[Site "Chess.com"]
[Date "2024.02.27"]
[Round "4"]
[White "Kosak12"]
[Black "WilsonPalencia21"]
[Result "1-0"]
[WhiteElo "2801"]
[BlackElo "2583"]
[TimeControl "180+1"]
[EndTime "14:39:53 PST"]
[Termination "Kosak12 won by resignation"]

1. Nf3 g6 2. d4 Bg7 3. b3 c5 4. e3 cxd4 5. exd4 Nf6 6. Bb2 O-O 7. Bd3 d6 8. O-O Nc6 9. h3 Re8 10. Re1 Nb4 11. Bf1 Bf5 12. Na3 Rc8 13. c3 Nbd5 14. Rc1 a6 15. Bd3 Bxd3 16. Qxd3 Bh6 17.
Rcd1 Qa5 18. Nc4 Qxa2 19. Qc2 Rxc4 20. bxc4 Qxc4 21. Bc1 Bg7 22. Bd2 e6 23. Ra1 Rc8 24.
Ra4 Qc7 25. Rb1 Qc6 26. Ra3 b5 27. Rba1 Nc7 28. Ne1 Nfd5 29. Qb2 Qc4 30. Qa2 Qe2 31. Be3 Qh5 32. c4 Nxe3 33. fxe3 Qg5 34. Nf3 Qxe3+ 35. Rxe3 1-0

[Event "Late-Titled-Tuesday-Blitz-February-27-2024"]
[Site "Chess.com"]
[Date "2024.02.27"]
[Round "4"]
[White "Yahisalem"]
[Black "zsizsi99"]
[Result "0-1"]
[WhiteElo "2061"]
[BlackElo "2456"]
[TimeControl "180+1"]
[EndTime "14:39:53 PST"]
[Termination "zsizsi99 won by resignation"]

1. e4 c5 2. Nf3 Nc6 3. d4 cxd4 4.
Nxd4 e5 5. Nf3 Nf6 6. Nc3 Bb4 7.
Bd3 d5 8. O-O Bxc3 9. bxc3 dxe4 10. Ba3 exd3 11. cxd3 Bf5 12. d4 e4 13. Nh4 Bg6 14.
Nxg6 hxg6 15. f3 Qa5 16. Qb3 Qb6 17. Qc2 Qa5 18. Qb3 O-O-O 19. fxe4 Qg5 20. Rae1 Qh4 21. h3 Qg3 22. Rb1 Rd7 23. Rf3 Qg5 24. Re1 Qd2 25. Ref1 Nxe4 26. Rxf7 Qe3+ 27. Kh2 Qg3+ 28. Kh1 Qxc3 29. Rxd7 Qxb3 30. axb3 Kxd7 31. Rf7+ Ke6 32.
Rxb7 Rd8 33. Bc5 Rd7 34. Rxd7 Kxd7 35. Kg1 Nxc5 36. dxc5 a5 37. Kf2 Nd4 38. Ke3 Nxb3 39. Kd3 Nxc5+ 40. Kc4 Kc6 41. g4 g5 42. Kc3 Ne4+ 0-1

[Event "Late-Titled-Tuesday-Blitz-February-27-2024"]
[Site "Chess.com"]
[Date "2024.02.27"]
[Round "4"]
[White "lluiss"]
[Black "Mikhail646464"]
[Result "0-1"]
[WhiteElo "2137"]
[BlackElo "2362"]
[TimeControl "180+1"]
[EndTime "14:39:53 PST"]
[Termination "Mikhail646464 won by resignation"]

1. e4 c6 2. d4 d5 3. exd5 cxd5 4. Bd3 Nc6 5. c3 Nf6 6. h3 g6 7. Nf3 Bf5 8. Bxf5 gxf5 9. O-O e6 10.
Bf4 Ne4 11. Ne5 Bd6 12. f3 Nf6 13. Nd2 Rg8 14. Qe1 Nh5 15. Nxc6 bxc6 16. Bxd6 Qxd6 17.
Qh4 Nf4 18. Rf2 Nd3 19. Re2 Qg3 20. Qxg3 Rxg3 21. Nf1 Rg6 22. Kh2 Nf4 23. Rd2 Kd7 24.
Ne3 Rag8 25. Rc1 Nh5 26. c4 Nf6 27. cxd5 Nxd5 28. Nxd5 exd5 29. Re1 Re6 30. Rde2 f4 31. Re5 Rge8 32. Rxe6 Rxe6 33. Rxe6 fxe6 34. g3 Kd6 35. gxf4 c5 36. Kg2 cxd4 37. Kf2 Kc5 38. Ke2 Kc4 39.
Kd2 d3 40. Ke3 a5 41. f5 exf5 42. a4 f4+ 43. Kd2 h6 44. h4 h5 45. b3+ Kxb3 46.
Kxd3 Kxa4 0-1

[Event "Late-Titled-Tuesday-Blitz-February-27-2024"]
[Site "Chess.com"]
[Date "2024.02.27"]
[Round "4"]
[White "GMKrikor"]
[Black "jefferyx"]
[Result "0-1"]
[WhiteElo "2860"]
[BlackElo "3081"]
[TimeControl "180+1"]
[EndTime "14:39:55 PST"]
[Termination "jefferyx won on time"]

1. Nf3 c5 2. c4 Nf6 3. Nc3 d5 4. cxd5 Nxd5 5. e3 e6 6. d4 Nc6 7.
Bb5 Nxc3 8. bxc3 Bd7 9. O-O Be7 10. Rb1 O-O 11. Qe2 Qc7 12. Rd1 a6 13. Bd3 Rfd8 14. h4 Rac8 15. Bd2 Be8 16. h5 e5 17. Bf5 Bd7 18. Bxd7 Rxd7 19. Be1 Rcd8 20. h6 g6 21. dxe5 Nxe5 22. Nxe5 Qxe5 23. Rxd7 Rxd7 24.
Rd1 Qe6 25. Rxd7 Qxd7 26. c4 Bf8 27. Bc3 Bxh6 28. Qf3 Bg7 29. Bxg7 Kxg7 30. Qf4 Qe6 31. a4 b6 32. g3 h5 33. Kg2 Qc6+ 34. Kh2 Qxa4 35.
Qe5+ Kg8 36. Qb8+ Kh7 37. Qc7 Qxc4 38. Qxb6 Qf1 39. Qf6 Kg8 40. e4 Qe2 41. e5 Qe4 42. Qd8+ Kh7 43. Qc7 Qd5 0-1

[Event "Late-Titled-Tuesday-Blitz-February-27-2024"]
[Site "Chess.com"]
[Date "2024.02.27"]
[Round "4"]
[White "lucliasco"]
[Black "Rutricks"]
[Result "1/2-1/2"]
[WhiteElo "2890"]
[BlackElo "2688"]
[TimeControl "180+1"]
[EndTime "14:39:55 PST"]
[Termination "Game drawn by repetition"]

1. d4 g6 2. c4 Bg7 3. Nc3 d6 4. e4 Nd7 5. f4 e5 6. fxe5 dxe5 7. d5 Nh6 8. Nf3 O-O 9. Bd3 f5 10. O-O Nc5 11. Bc2 f4 12. b4 Nd7 13. c5 g5 14. c6 Nb6 15. cxb7 Bxb7 16. Bb3 g4 17. Ne1 Kh8 18. g3 Nc8 19. Nd3 Ne7 20.
gxf4 exf4 21. Bxf4 Rxf4 22. Nxf4 Bxc3 23. Rc1 Be5 24. Ne6 Qd6 25. Qd2 Nhg8 26. Qg5 Ng6 27. Rf7 Qb6+ 28. Kh1 Qxb4 29. Qe3 Re8 30. Ng5 Nf6 31.
Rc4 Qa5 32. Rcxc7 Bxc7 33. Rxf6 Bxd5 34. Bxd5 Qxd5 35. Nf7+ Kg8 36. Nh6+ Kh8 37. Nf7+ Kg8 38. Nh6+ Kh8 39. Nf7+ 1/2-1/2

[Event "Late-Titled-Tuesday-Blitz-February-27-2024"]
[Site "Chess.com"]
[Date "2024.02.27"]
[Round "4"]
[White "JaackCamel"]
[Black "Romadk"]
[Result "0-1"]
[WhiteElo "2228"]
[BlackElo "2491"]
[TimeControl "180+1"]
[EndTime "14:39:55 PST"]
[Termination "Romadk won on time"]

1. d4 Nf6 2. c4 e6 3. Nc3 Bb4 4.
Qc2 O-O 5. a3 Bxc3+ 6. Qxc3 b6 7.
Nf3 Bb7 8. Bg5 h6 9. Bh4 g5 10. Bg3 Ne4 11. Qc2 f5 12. e3 d6 13. Bd3 Nd7 14. h4 Nxg3 15. fxg3 g4 16. Nd2 Bxg2 17.
Rh2 Bb7 18. h5 Qg5 19. O-O-O Qxe3 20. d5 exd5 21. Bxf5 Nc5 22. Bh7+ Kh8 23. b4 Ne4 24. Bxe4 dxe4 25. Qb2+ Kh7 26. Kb1 Qd3+ 27. Ka2 e3 28. Re1 Rae8 29. Nb3 Qxc4 30. Ka1 Rf1 31. Re2 Rxe1+ 32.
Rxe1 e2 33. Qb1+ Be4 34. Qb2 Qc2 35. Qxc2 Bxc2 36. Nd4 Bd1 37. Kb2 Re3 38. Nc2 Rxg3 39. Nd4 Re3 40. Nf5 Re5 41. Nd4 g3 42. Nf3 Re3 43.
Nh4 Rb3+ 44. Kc1 Rxa3 45. Nf5 Rb3 46. Ne7 Rxb4 47. Kd2 a5 0-1

[Event "Late-Titled-Tuesday-Blitz-February-27-2024"]
[Site "Chess.com"]
[Date "2024.02.27"]
[Round "4"]
[White "SergioMoralesG"]
[Black "Laico"]
[Result "0-1"]
[WhiteElo "2510"]
[BlackElo "2390"]
[TimeControl "180+1"]
[EndTime "14:39:56 PST"]
[Termination "Laico won on time"]

1. d4 e6 2. c4 f5 3. Nf3 b6 4. g3 Bb7 5. Bg2 Nf6 6. d5 Bd6 7. Nc3 O-O 8. O-O e5 9. Nh4 f4 10. Nf5 Bb4 11. Bd2 Bxc3 12. Bxc3 d6 13. gxf4 exf4 14.
Kh1 Nbd7 15. Qd2 Nh5 16. Bh3 b5 17. Rg1 Ne5 18. Rg2 Bc8 19. Qc2 Qf6 20. Bxe5 dxe5 21.
Rag1 Bxf5 22. Bxf5 Qxf5 23. Qc3 bxc4 24. Rg5 Qf7 25.
Qxe5 Rae8 26. Qd4 Rxe2 27. Rxh5 Qf6 28. Rhg5 Qxd4 29. R5g2 Rxf2 0-1

[Event "Late-Titled-Tuesday-Blitz-February-27-2024"]
[Site "Chess.com"]
[Date "2024.02.27"]
[Round "4"]
[White "jk13"]
[Black "VinzentSpitzl"]
[Result "0-1"]
[WhiteElo "2683"]
[BlackElo "2536"]
[TimeControl "180+1"]
[EndTime "14:39:57 PST"]
[Termination "VinzentSpitzl won by checkmate"]

1. e4 c6 2. Nf3 d5 3. Nc3 dxe4 4. Nxe4 Nf6 5. Qe2 Nxe4 6. Qxe4 Qd5 7. Qf4 Qe6+ 8. Be2 Qf5 9. Qa4 Qg4 10. d4 Qxg2 11.
Rg1 Qh3 12. Bf4 Nd7 13. O-O-O Qf5 14. Bg3 Nb6 15. Qb3 Be6 16. Qe3 Qa5 17. a3 Nd5 18. Qe5 Qb6 19. c4 Nf6 20. Kb1 g6 21. d5 cxd5 22.
cxd5 Bf5+ 23. Ka1 Bg7 24. d6 O-O 25. dxe7 Rfe8 26. Nd4 Ne4 27. Qc7 Bxd4 28. Rxd4 Qxd4 29. Bb5 Nd2 30. Bxe8 Rxe8 31. Be5 Nb3+ 32. Ka2 Qd5 33. Bc3 Nc1+ 34. Ka1 Qa2# 0-1

[Event "Late-Titled-Tuesday-Blitz-February-27-2024"]
[Site "Chess.com"]
[Date "2024.02.27"]
[Round "4"]
[White "dolynachess"]
[Black "yuriydovzik"]
[Result "1-0"]
[WhiteElo "2457"]
[BlackElo "2127"]
[TimeControl "180+1"]
[EndTime "14:39:57 PST"]
[Termination "dolynachess won on time"]

1. d4 Nf6 2. c4 e6 3. g3 d5 4. Bg2 Bb4+ 5. Nd2 O-O 6. Nf3 dxc4 7. Qc2 Nd5 8. Qxc4 b5 9. Qc2 Be7 10. O-O a5 11. Ne4 Nd7 12. Bd2 Bb7 13. Rfc1 f5 14.
Neg5 Rf6 15. Ne5 Nxe5 16. dxe5 Rg6 17. Nh3 c5 18. e4 Nb4 19. Bxb4 axb4 20. exf5 Bxg2 21.
Kxg2 exf5 22. Qxf5 Qd5+ 23. Kg1 Rga6 24. Nf4 Qf7 25. Qd7 g5 26. Nd5 Bf8 27. Qxf7+ Kxf7 28. Nc7 c4 29. Nxa8 Rxa8 30. Kg2 Ke6 31. f4 gxf4 32. gxf4 Bh6 33. Kf3 1-0

[Event "Late-Titled-Tuesday-Blitz-February-27-2024"]
[Site "Chess.com"]
[Date "2024.02.27"]
[Round "4"]
[White "ChadBiryani"]
[Black "NoHeThTo"]
[Result "0-1"]
[WhiteElo "2418"]
[BlackElo "2640"]
[TimeControl "180+1"]
[EndTime "14:40:04 PST"]
[Termination "NoHeThTo won by checkmate"]

1. c4 Nf6 2. g3 g6 3. Bg2 Bg7 4. Nc3 O-O 5. e4 d6 6. Nge2 c5 7. O-O Nc6 8. d3 Ne8 9. Be3 e5 10. Qd2 Nc7 11. Bh6 Ne6 12. Nd5 f5 13. Bxg7 Kxg7 14.
exf5 gxf5 15. f4 Ned4 16. Nec3 Be6 17. Rae1 Bxd5 18. Bxd5 Rc8 19. Kh1 a6 20. Qg2 Rc7 21. g4 fxg4 22. Qxg4+ Kh8 23. Rg1 Nf5 24. fxe5 Nxe5 25.
Rxe5 dxe5 26. Ne4 Rg7 27. Qd1 Ne3 28. Qh5 Rxg1+ 29. Kxg1 Nxd5 30. cxd5 Qxd5 31. Qh6 Qg8+ 32. Ng3 Qg7 33. Qd6 h5 34. Qe6 h4 35. Qh3 Qg5 36.
b3 Qe3+ 37. Kh1 Qe1+ 38. Kg2 Rf2# 0-1